 Dungeon Crawl Stone Soup version 0.28.0-47-ge53b351184 (webtiles) character file.

Game seed: 9746517104762370005

8 RatsInWalls the Ruffian (level 2, 22/22 (29) HPs)
             Began as a Troll Chaos Knight on May 9, 2022.
             Was a Plaything of Xom.
             Quit the game on level 1 of the Dungeon.
             The game lasted 00:00:16 (324 turns).

RatsInWalls the Ruffian (Troll Chaos Knight)         Turns: 324, Time: 00:00:17

HP:   22/22 (29)    AC:  6    Str: 19    XL:     2   Next: 0%
MP:   1/1           EV: 10    Int:  8    God:    Xom [..*...]
Gold: 7             SH:  0    Dex:  9    Spells: 1/1 levels left

rFire   . . .      SeeInvis .     - Unarmed
rCold   . . .      Faith    .   (no shield)
rNeg    . . .      Spirit   .   a - +2 robe
rPois   .          Reflect  .   (helmet restricted)
rElec   .          Harm     .   (no cloak)
rCorr   .          Rampage  .   (gloves unavailable)
Will    .....                   (boots unavailable)
Stlth   +.........              (no amulet)
HPRegen 0.87/turn               (no ring)
MPRegen 0.07/turn               (no ring)

@: heavily drained
A: large, unfitting armour, claws 3, regeneration 1, shaggy fur 1, tough skin 1
a: Renounce Religion


You were on level 1 of the Dungeon.
You worshipped Xom.
You were a toy of Xom.
You visited 1 branch of the dungeon, and saw 1 of its levels.

You collected 7 gold pieces.

Inventory:

Armour
 a - a +2 robe (worn)
Scrolls
 b - a scroll of noise {unknown}
Potions
 c - a potion of curing {unknown}
 d - a potion of might {unknown}
 e - a potion of lignification {unknown}


   Skills:
 + Level 2.5 Fighting
 + Level 2.1 Dodging
 + Level 3.2 Unarmed Combat


You had one spell level left.
You didn't know any spells.
Your spell library was empty.

Dungeon Overview and Level Annotations

Branches:
Dungeon (1/15)

Altars:


Innate Abilities, Weirdness & Mutations

You are too large for most types of armour.
You have claws for hands.
Your natural rate of healing is unusually fast.
You are covered in fur. (AC +1)
You have tough skin. (AC +1)


Message History

You completely miss the goblin.
The goblin is severely wounded.
The goblin hits you with a +0 dagger of draining.
You feel drained.
You closely miss the goblin.
The goblin is severely wounded.
The goblin hits you but does no damage.
You feel drained.
You barely miss the goblin.
The goblin is severely wounded.
The goblin hits you with a +0 dagger of draining.
You feel drained.
You closely miss the goblin. Your claw misses the goblin.
The goblin is severely wounded.
The goblin barely misses you.
You scratch the goblin.
You kill the goblin!
The kobold hits you but does no damage.
You see here a +0 dagger of draining.
You barely miss the kobold. The kobold closely misses you.
You closely miss the kobold. The kobold closely misses you.
You claw the kobold!
You kill the kobold!
No target in view!
No target in view!
e - a fuming purple potion You see here a +0 dagger of draining.
Things that are here:
a +0 dagger; a kobold corpse
Found a stone staircase leading down.
You now have 7 gold pieces.
Found a pair of gloves.
No target in view!
You see here a +0 pair of gloves.
A bat comes into view.
You see here 12 gold pieces.
You closely miss the bat. The bat hits you but does no damage. x2
You claw the bat!
You kill the bat!
You have reached level 2!
Are you sure you want to abandon this character and quit the game? (Confirm with "yes".)

#........#
#........#
#........#
#........#
#.....>..#
#.######## #.#
#.# #.#######
#.# #.#@.?..#
#[# #.#†###.#
#.# #.#.# #.#
#.#.# #.# #.#.#
#.# #.#.#####.#
#.###.#........
#............#.
#####.######.#


There were no monsters in sight!

Vanquished Creatures
  A giant cockroach (D:1)
  A goblin (D:1)
  2 jackals (D:1)
  2 kobolds (D:1)
  A bat (D:1)
7 creatures vanquished.

Notes
Turn   | Place    | Note
-------+----------+-------------------------------------------
     0 | D:1      | RatsInWalls the Troll Chaos Knight began the quest for the
                  | Orb.
     0 | D:1      | Reached XP level 1. HP: 22/22 MP: 0/0
   324 | D:1      | Reached XP level 2. HP: 22/22 MP: 1/1
   324 | D:1      | Quit the game

Illustrated notes

Levels and vault maps discovered:
D:1:      sevenhm_arrival_forest_fort_small_5, layout_basic, serial_curves,
          eino_curves_03, eino_curves_02

Skill      XL: |  1 |
---------------+----+-----
Dodging        | 2 |  2.1
Fighting       | |  2.5
Unarmed Combat | |  3.2

Action                   || total
-------------------------++-------
Melee: Unarmed           ||    31
       Punch             ||     2
Armor: Robe              ||    21
Dodge: Dodged            ||    17
